[Event "Titled Tuesday Blitz May 23 Late 2023"]
[White "Zaitsev, Alexander"]
[Black "Melikyan, Gnel"]
[WhiteFideId "4164490"]
[BlackFideId "54109990"]
[WhiteElo "2373"]
[BlackElo "2138"]
[Result "0-1"]
[Round "09"]
[TimeControl "180+2"]
[Date "2023.05.23"]
[WhiteClock "0:00:00"]
[BlackClock "0:00:46"]

1. e4 e6 2. d4 d5 3. Nc3 dxe4 4. Nxe4 Nd7 5. Nf3 Ngf6 6. Bd3 Nxe4 7. Bxe4 Nf6 8. Bg5 Be7 9. Bxf6 Bxf6 10. Qd3 c6 11. O-O-O Qc7 12. h4 Bd7 13. Ne5 h6 14. f4 Rf8 15. Qa3 Be7 16. Qg3 g6 17. Bxg6 fxg6 18. Qxg6+ Kd8 19. Rhe1 Bxh4 20. Nxd7 Qxd7 21. Rxe6 Kc7 22. d5 Rae8 23. f5 Bg5+ 24. Kb1 Rxe6 25. fxe6 Qxd5 26. Qg7+ Kb6 27. Re1 Qxe6 28. Qd4+ Kc7 29. Qg7+ Rf7 0-1


[Site "https://www.chess.com"]

[Event "Titled Tuesday Blitz May 23 Late 2023"]
[White "Kirillov, Dmitry"]
[Black "Bernabeu Lopez, Carlos Javier"]
[WhiteFideId "34180572"]
[BlackFideId "2235366"]
[WhiteElo "2161"]
[BlackElo "2344"]
[Result "0-1"]
[Round "09"]
[TimeControl "180+2"]
[Date "2023.05.23"]
[WhiteClock "0:02:07"]
[BlackClock "0:02:58"]

1. e4 e5 2. Nf3 Nf6 3. Nxe5 Nxe4 4. Qe2 Qe7 5. Qxe4 d6 6. d4 dxe5 7. dxe5 Nc6 8. f4 Bg4 9. Nc3 O-O-O 10. h3 Qh4+ 0-1


[Site "https://www.chess.com"]

[Event "Titled Tuesday Blitz May 23 Late 2023"]
[White "Deviprasath, Sharvesh"]
[Black "Mickiewicz, Piotr"]
[WhiteFideId "30938228"]
[BlackFideId "1114891"]
[WhiteElo "2168"]
[BlackElo "2246"]
[Result "1-0"]
[Round "09"]
[TimeControl "180+2"]
[Date "2023.05.23"]
[WhiteClock "0:00:43"]
[BlackClock "0:00:00"]

1. e4 d5 2. exd5 Qxd5 3. Nc3 Qd6 4. Nf3 Nf6 5. Bc4 Bg4 6. h3 Bh5 7. d4 c6 8. O-O e6 9. Re1 Nbd7 10. Bg5 Qc7 11. Ne4 Nxe4 12. Rxe4 Nb6 13. Bxe6 fxe6 14. Rxe6+ Kd7 15. Qe2 Bxf3 16. Qxf3 Rd8 17. Qf5 Kc8 18. Re8+ Nd7 19. Bxd8 Qxd8 20. Rxd8+ Kxd8 21. Re1 Bd6 22. Qf7 Kc7 23. c4 b6 24. a3 c5 25. d5 Rf8 26. Qxg7 h5 27. Re6 Rf4 28. Qh6 1-0


[Site "https://www.chess.com"]

[Event "Titled Tuesday Blitz May 23 Late 2023"]
[White "gueraumasague"]
[Black "Fernandez Guillen, Ernesto J."]
[BlackFideId "3512428"]
[WhiteElo "2554"]
[BlackElo "2429"]
[Result "0-1"]
[Round "09"]
[TimeControl "180+2"]
[Date "2023.05.23"]
[WhiteClock "0:00:00"]
[BlackClock "0:00:58"]

1. e4 e5 2. Nc3 Nc6 3. Bc4 Bb4 4. Nd5 Bc5 5. Nf3 d6 6. c3 Bg4 7. h3 Bh5 8. d3 Nge7 9. b4 Bb6 10. Nxb6 axb6 11. g4 Bg6 12. Nh4 d5 13. exd5 Nxd5 14. Nxg6 hxg6 15. Qf3 Nce7 16. h4 Qd6 17. a4 O-O-O 18. Qxf7 Rhf8 19. Qxg7 Nxc3 20. O-O Ne2+ 21. Kg2 Nd5 22. Bg5 Ndf4+ 23. Kh2 e4 24. Qe7 Qd4 25. Be6+ Kb8 26. Rac1 Qe5 27. dxe4 Nxe6+ 0-1


[Site "https://www.chess.com"]

[Event "Titled Tuesday Blitz May 23 Late 2023"]
[White "Martic, Ivan"]
[Black "Morefield, Jason"]
[WhiteFideId "929301"]
[BlackFideId "30920825"]
[WhiteElo "2360"]
[BlackElo "2171"]
[Result "1-0"]
[Round "09"]
[TimeControl "180+2"]
[Date "2023.05.23"]
[WhiteClock "0:00:35"]
[BlackClock "0:00:08"]

1. c4 a6 2. e4 e5 3. Nf3 Nc6 4. a3 Nf6 5. Nc3 Bc5 6. Be2 d6 7. O-O O-O 8. d3 Kh8 9. b4 Ba7 10. Nd5 Nxd5 11. cxd5 Ne7 12. d4 f5 13. dxe5 fxe4 14. Ng5 dxe5 15. Bc4 Bd4 16. Ra2 Nxd5 17. Qh5 Nf6 18. Nf7+ Rxf7 19. Qxf7 b5 20. Bb3 Bb7 21. Bg5 Qd6 22. Rc2 Bd5 23. Bxd5 Nxd5 24. Rfc1 Rf8 25. Qh5 h6 26. Rc6 Bxf2+ 27. Kh1 Qd7 28. Bxh6 Kg8 29. Bxg7 Qxg7 30. Rg6 Bd4 31. Qg4 Rf7 32. Rxg7+ Rxg7 33. Qe6+ Rf7 34. Qxd5 Kg7 35. Qxe4 1-0


[Site "https://www.chess.com"]

[Event "Titled Tuesday Blitz May 23 Late 2023"]
[White "Timmermans, Mark"]
[Black "Ladan, Nicholas"]
[WhiteFideId "1026399"]
[BlackFideId "30918855"]
[WhiteElo "2460"]
[BlackElo "2167"]
[Result "0-1"]
[Round "09"]
[TimeControl "180+2"]
[Date "2023.05.23"]
[WhiteClock "0:01:03"]
[BlackClock "0:01:50"]

1. e4 e5 2. Nf3 Nc6 3. d4 exd4 4. Bc4 Nf6 5. O-O d5 6. exd5 Nxd5 7. Re1+ Be7 8. Nxd4 O-O 9. Bxd5 Qxd5 10. Nxc6 Qxc6 11. Rxe7 Bh3 12. gxh3 Rad8 13. Nd2 Rd6 14. Re3 f5 15. Re2 Rg6+ 16. Kf1 Qh1# 0-1


[Site "https://www.chess.com"]

[Event "Titled Tuesday Blitz May 23 Late 2023"]
[White "Sun, Rick"]
[Black "Janaszak, Dawid"]
[WhiteFideId "30909481"]
[BlackFideId "1119206"]
[WhiteElo "2169"]
[BlackElo "2220"]
[Result "1-0"]
[Round "09"]
[TimeControl "180+2"]
[Date "2023.05.23"]
[WhiteClock "0:01:07"]
[BlackClock "0:01:27"]

1. d4 d5 2. Nc3 e6 3. Bf4 Bd6 4. Bg3 Nf6 5. Nf3 O-O 6. e3 Ne4 7. Nxe4 dxe4 8. Ne5 Nd7 9. Nc4 Be7 10. Be2 b6 11. d5 e5 12. Nxe5 Nxe5 13. Bxe5 Bb7 14. c4 Bb4+ 15. Kf1 Qg5 16. Bf4 Qf6 17. Qb3 Bc5 18. Rc1 a5 19. Bxc7 Rfe8 20. Qc3 Qh6 21. Bf4 g6 22. Bxh6 1-0


[Site "https://www.chess.com"]

[Event "Titled Tuesday Blitz May 23 Late 2023"]
[White "Annaberdiyev, Meylis"]
[Black "Ognean, Mihnea-Ionut"]
[WhiteFideId "14000563"]
[BlackFideId "1232347"]
[WhiteElo "2416"]
[BlackElo "2215"]
[Result "1/2-1/2"]
[Round "09"]
[TimeControl "180+2"]
[Date "2023.05.23"]
[WhiteClock "0:00:02"]
[BlackClock "0:00:03"]

1. e4 c6 2. d4 d5 3. exd5 cxd5 4. Bd3 Nc6 5. c3 Nf6 6. Bf4 Bg4 7. Qb3 Qd7 8. Nd2 e6 9. Ngf3 Bd6 10. Ne5 Qc7 11. O-O O-O 12. Rae1 Bh5 13. Bg3 Bxe5 14. dxe5 Nd7 15. Qc2 Bg6 16. Bxg6 fxg6 17. Nf3 Nc5 18. Ng5 h6 19. b4 hxg5 20. bxc5 Qf7 21. f4 g4 22. Rb1 Rab8 23. Rb5 Nxe5 24. f5 Qe8 25. Rbb1 exf5 26. Qb3 Nc4 27. Bxb8 Qxb8 28. Qxb7 Qe5 29. Rbe1 Ne3 30. c6 Rf7 31. Qc8+ Kh7 32. Qd8 f4 33. Kh1 g5 34. c4 g3 35. h3 g4 36. Rxe3 Qxe3 37. c7 gxh3 38. Qh4+ Kg6 39. Qg4+ Kf6 40. c8=Q hxg2+ 41. Kxg2 Qd2+ 42. Kf3 Qe3+ 43. Kg2 Qd2+ 44. Kf3 Qe3+ 45. Kg2 1/2-1/2


[Site "https://www.chess.com"]

[Event "Titled Tuesday Blitz May 23 Late 2023"]
[White "Haydon, David L"]
[Black "SergioMoralesG"]
[WhiteFideId "415405"]
[WhiteElo "2326"]
[BlackElo "2496"]
[Result "0-1"]
[Round "09"]
[TimeControl "180+2"]
[Date "2023.05.23"]
[WhiteClock "0:00:33"]
[BlackClock "0:00:48"]

1. Nf3 g6 2. e3 Bg7 3. c4 c5 4. Nc3 Nf6 5. b3 d5 6. cxd5 Nxd5 7. Bb2 O-O 8. Be2 Nc6 9. O-O Ndb4 10. Qb1 Bf5 11. e4 Bg4 12. a3 Bxf3 13. gxf3 Nd4 14. axb4 cxb4 15. Bd1 bxc3 16. dxc3 Ne6 17. Qc1 Qd6 18. Ra5 a6 19. Rd5 Qc7 20. c4 Bxb2 21. Qxb2 Nf4 22. Rg5 Rfd8 23. Rg4 e5 24. Rxf4 exf4 25. Bc2 Rd2 26. Qc3 Rad8 27. e5 R8d4 28. Re1 Qe7 29. c5 Qh4 30. Rf1 Qg5+ 31. Kh1 Qxe5 32. c6 Qe2 33. Kg2 bxc6 34. Be4 Qb5 35. Ra1 c5 36. Ra4 Qe2 37. Rxd4 Qxf2+ 38. Kh3 Qxh2+ 39. Kg4 Qg3# 0-1


[Site "https://www.chess.com"]

[Event "Titled Tuesday Blitz May 23 Late 2023"]
[White "carokannlover213"]
[Black "Przybylski, Wojciech"]
[BlackFideId "1117599"]
[WhiteElo "2667"]
[BlackElo "2222"]
[Result "0-1"]
[Round "09"]
[TimeControl "180+2"]
[Date "2023.05.23"]
[WhiteClock "0:00:13"]
[BlackClock "0:00:41"]

1. e4 c5 2. Nf3 e6 3. d4 cxd4 4. Nxd4 Nc6 5. Nc3 Qc7 6. g3 h5 7. Bg2 a6 8. O-O h4 9. Re1 hxg3 10. hxg3 Nxd4 11. Qxd4 Qc5 12. Qxc5 Bxc5 13. e5 d5 14. exd6 Bxd6 15. Ne4 Be7 16. Bf4 Nf6 17. Nd6+ Kf8 18. Nxb7 Nd5 19. Bxd5 exd5 20. Bd6 Bxd6 21. Nxd6 Bg4 22. Kg2 Rh6 23. Nb7 Bh3+ 24. Kg1 Rb6 25. Nc5 Rxb2 26. Re5 Rxc2 27. Rh5 Kg8 28. Nd3 Bg4 29. Rh4 Bf3 30. Ne5 Be4 31. Re1 f6 32. Ng4 Rac8 33. Ne3 Rc1 34. Nd1 R8c4 35. f3 Bxf3 36. Rxc4 dxc4 37. Re8+ Kf7 38. Rc8 Bxd1 39. Kf2 Bg4 40. Rc7+ Kg6 41. Ke3 Bf5 42. Kf4 Rf1+ 43. Ke3 Rc1 44. a4 c3 45. a5 c2 46. g4 Re1+ 47. Kd2 c1=Q+ 48. Rxc1 Rxc1 49. gxf5+ Kxf5 50. Kxc1 Ke4 51. Kc2 Kd4 52. Kb3 f5 53. Kb4 g6 54. Kb3 g5 55. Kb4 g4 56. Kb3 f4 57. Kb4 g3 58. Kb3 g2 59. Kb4 0-1


[Site "https://www.chess.com"]

[Event "Titled Tuesday Blitz May 23 Late 2023"]
[White "Dragomirescu, Robin-Alexandru"]
[Black "Amburgy, Ryan"]
[WhiteFideId "1213849"]
[BlackFideId "30924820"]
[WhiteElo "2356"]
[BlackElo "2134"]
[Result "1/2-1/2"]
[Round "09"]
[TimeControl "180+2"]
[Date "2023.05.23"]
[WhiteClock "0:00:19"]
[BlackClock "0:00:28"]

1. b3 e5 2. Bb2 Nc6 3. e3 Nf6 4. Nf3 e4 5. Nd4 Nxd4 6. Bxd4 d5 7. c4 c6 8. Nc3 Be7 9. cxd5 cxd5 10. d3 Bg4 11. Qd2 O-O 12. h3 Bf5 13. dxe4 Nxe4 14. Nxe4 Bxe4 15. Bd3 Rc8 16. O-O a6 17. Rac1 Qd7 18. f3 Bg6 19. Bxg6 hxg6 20. Rxc8 Rxc8 21. Rc1 Bd6 22. Rxc8+ Qxc8 23. f4 Qf5 24. Bc3 Bc5 25. Kh2 Qe4 26. Bd4 Bd6 27. h4 f6 28. Qc3 Kh7 29. Kg3 g5 30. hxg5 fxg5 31. Be5 gxf4+ 32. exf4 Bb4 33. Qf3 g6 34. Qxe4 dxe4 35. Kf2 Bc5+ 36. Ke2 Kg8 37. g4 Kf7 38. f5 gxf5 39. gxf5 b5 40. a4 bxa4 41. bxa4 Ba7 42. Kd2 Bc5 43. Ke2 Ba7 44. Kd2 Bc5 45. Ke2 1/2-1/2


[Site "https://www.chess.com"]

[Event "Titled Tuesday Blitz May 23 Late 2023"]
[White "Tejedor Fuente, Enrique"]
[Black "Balla, Tamas-Kristof"]
[WhiteFideId "2299100"]
[BlackFideId "1208497"]
[WhiteElo "2496"]
[BlackElo "2334"]
[Result "1-0"]
[Round "09"]
[TimeControl "180+2"]
[Date "2023.05.23"]
[WhiteClock "0:01:12"]
[BlackClock "0:00:06"]

1. b4 e5 2. Bb2 Bxb4 3. Bxe5 Nf6 4. Nf3 O-O 5. e3 Re8 6. Bb2 d5 7. Be2 Bd6 8. O-O c5 9. c4 dxc4 10. Na3 Nc6 11. Nxc4 Bc7 12. a4 Be6 13. Rb1 h6 14. Bxf6 Qxf6 15. Rxb7 Bb8 16. Qa1 Qg6 17. Rc1 Nb4 18. Nce5 Qf5 19. Rxc5 Bd6 20. Nxf7 Qxf7 21. Rxf7 Bxf7 22. Rc4 Bxc4 23. Bxc4+ Kh8 24. Nh4 Rac8 25. d3 Nc6 26. Nf5 Be5 27. Qd1 Ne7 28. Nxe7 Rxe7 29. g3 Rd7 30. Qg4 Rcd8 31. a5 Bf6 32. a6 Rd6 33. h4 Rb6 34. Qf5 Rb2 35. d4 Rb6 36. Bd3 Kg8 37. Qh7+ Kf7 38. Bc4+ Ke7 39. Qe4+ Kf8 40. h5 Rc8 41. Qd5 Ke7 42. Bb5 Rd6 43. Qb7+ Kd8 44. Qxa7 Rc7 45. Qb8+ 1-0


[Site "https://www.chess.com"]

[Event "Titled Tuesday Blitz May 23 Late 2023"]
[White "HamedWafa4"]
[Black "Blitz"]
[WhiteElo "2634"]
[BlackElo "2485"]
[Result "1-0"]
[Round "09"]
[TimeControl "180+2"]
[Date "2023.05.23"]
[WhiteClock "0:01:14"]
[BlackClock "0:00:00"]

1. e4 c5 2. Nf3 d6 3. Bb5+ Nd7 4. c4 Nf6 5. O-O Nxe4 6. Re1 Nf6 7. d4 cxd4 8. Nxd4 g6 9. Nc6 bxc6 10. Bxc6 Rb8 11. Qxd6 Qa5 12. Bd2 Qc5 13. Qxf6 Rg8 14. b4 Qxc4 15. Nc3 Rb6 16. Bxd7+ Bxd7 17. Qf3 Bc6 18. Qe3 e6 19. Rac1 Qg4 20. f3 Qf5 21. a3 Rb7 22. Ne4 Bxe4 23. fxe4 Qb5 24. Rc8+ Kd7 25. Rec1 Qb6 26. Qxb6 axb6 27. Kf1 b5 28. R1c2 Ra7 29. R2c3 Rxa3 30. R8c7+ Kd8 31. Rc8+ Kd7 32. R8c7+ Kd8 33. Bg5+ 1-0


[Site "https://www.chess.com"]

[Event "Titled Tuesday Blitz May 23 Late 2023"]
[White "Gurevich, Dmitry"]
[Black "Fishbein, Alexander"]
[WhiteFideId "2000407"]
[BlackFideId "2000377"]
[WhiteElo "2506"]
[BlackElo "2415"]
[Result "0-1"]
[Round "09"]
[TimeControl "180+2"]
[Date "2023.05.23"]
[WhiteClock "0:00:00"]
[BlackClock "0:00:10"]

1. d4 Nf6 2. c4 g6 3. Nc3 Bg7 4. e4 O-O 5. Nf3 d6 6. Be2 e5 7. Be3 exd4 8. Nxd4 c6 9. O-O Re8 10. Bf3 Nbd7 11. Re1 Ne5 12. Be2 Nfg4 13. Bf4 h5 14. h3 Nf6 15. Bf1 Nh7 16. Qd2 Qe7 17. Rad1 a6 18. Bh6 Bh8 19. f4 Nd7 20. Nf3 Nc5 21. Qxd6 Qxd6 22. Rxd6 Be6 23. e5 a5 24. Nd4 Rad8 25. Nxe6 Rxd6 26. exd6 Nxe6 27. Rd1 Rd8 28. Ne4 f5 29. Ng5 Nhxg5 30. Bxg5 Nxg5 31. fxg5 Bxb2 32. d7 Kf7 33. Rd6 Be5 34. Rd3 Bf4 35. h4 Ke7 36. g3 Bd6 37. Kg2 Rxd7 38. Re3+ Kf8 39. Re6 Kf7 40. Re3 Bc5 41. Rd3 Re7 42. Kf3 a4 43. Be2 a3 44. Rb3 Rd7 45. Rd3 Rc7 46. Rb3 Ke7 47. Rd3 Bd6 48. Rb3 Kd8 49. Rd3 Rd7 50. Bd1 Kc7 51. Bb3 Re7 52. Rd2 Re4 53. Re2 Rxe2 54. Kxe2 Bxg3 55. c5 Bxh4 56. Bf7 Bxg5 57. Bxg6 h4 58. Bxf5 Be7 59. Kd3 Bxc5 0-1


[Site "https://www.chess.com"]

[Event "Titled Tuesday Blitz May 23 Late 2023"]
[White "Bartel, Michal"]
[Black "Kovalevsky, Stanislav"]
[WhiteFideId "1119257"]
[BlackFideId "13508598"]
[WhiteElo "2282"]
[BlackElo "2174"]
[Result "1-0"]
[Round "09"]
[TimeControl "180+2"]
[Date "2023.05.23"]
[WhiteClock "0:00:47"]
[BlackClock "0:00:07"]

1. e4 e6 2. d4 d5 3. Nc3 dxe4 4. Nxe4 Nf6 5. Bd3 Nc6 6. Nf3 Ne7 7. Nxf6+ gxf6 8. O-O Bd7 9. Bf4 Bc6 10. Re1 h5 11. Qe2 Nd5 12. Bd2 Qd6 13. c4 Nf4 14. Bxf4 Qxf4 15. d5 Bd7 16. Qe4 Qxe4 17. Bxe4 O-O-O 18. Rad1 e5 19. Nh4 Bc5 20. Bf5 Rhg8 21. Bxd7+ Kxd7 22. Rd3 Rg4 23. g3 Rxc4 24. Rf3 Rg8 25. Kf1 Be7 26. Nf5 Rc2 27. Re2 Rxe2 28. Kxe2 Rg4 29. h4 Re4+ 30. Kd2 Ra4 31. a3 b5 32. Ng7 Rd4+ 33. Rd3 Rxd3+ 34. Kxd3 Kd6 35. Ke4 a5 36. Nxh5 Kd7 37. Ng7 a4 38. h5 Bxa3 39. h6 Bxb2 40. h7 a3 41. h8=Q a2 42. Qe8+ Kd6 43. Qc6+ Ke7 44. Nf5+ Kf8 45. Qa8# 1-0


[Site "https://www.chess.com"]

[Event "Titled Tuesday Blitz May 23 Late 2023"]
[White "Hambleton, Aman"]
[Black "cryptoguru02"]
[WhiteFideId "2606577"]
[WhiteElo "2511"]
[BlackElo "2559"]
[Result "1-0"]
[Round "09"]
[TimeControl "180+2"]
[Date "2023.05.23"]
[WhiteClock "0:00:33"]
[BlackClock "0:00:00"]

1. c4 g6 2. e4 Bg7 3. d4 c5 4. d5 d6 5. Bd3 b5 6. cxb5 a6 7. bxa6 Nf6 8. Nc3 Qa5 9. Ne2 Bxa6 10. O-O O-O 11. h3 Nfd7 12. Bg5 Re8 13. Rb1 Bxd3 14. Qxd3 Na6 15. Qd2 Ne5 16. b3 c4 17. Rfd1 Rab8 18. Na4 Qxd2 19. Bxd2 Rec8 20. Bc3 Nb4 21. Rd2 Nxa2 22. Rxa2 cxb3 23. Ra3 Rc4 24. f3 Ra8 25. Bxe5 Bxe5 26. Nb6 Rxa3 27. Nxc4 Ra2 28. Nxe5 dxe5 29. Kf2 b2 30. Ke3 f5 31. Nc3 Ra1 32. Rxb2 1-0


[Site "https://www.chess.com"]

[Event "Titled Tuesday Blitz May 23 Late 2023"]
[White "Chakravarthi Reddy, M"]
[Black "Bryakin, Mikhail"]
[WhiteFideId "25009532"]
[BlackFideId "4165314"]
[WhiteElo "2201"]
[BlackElo "2467"]
[Result "0-1"]
[Round "09"]
[TimeControl "180+2"]
[Date "2023.05.23"]
[WhiteClock "0:00:03"]
[BlackClock "0:00:12"]

1. e4 c5 2. Nf3 Nc6 3. d4 cxd4 4. Nxd4 Qb6 5. Nb3 Nf6 6. Be3 Qb4+ 7. c3 Qxe4 8. N1d2 Qg4 9. Be2 Qxg2 10. Bf3 Qg6 11. Nc4 d6 12. Nba5 Bd7 13. Nxb7 Rb8 14. Nba5 Nxa5 15. Nxa5 e6 16. Qe2 Qf5 17. Nc6 Rc8 18. Nxa7 Rc7 19. Bb6 Rc5 20. Bxc5 Qxc5 21. Qe3 Qc7 22. a4 Be7 23. Nb5 Qa5 24. b4 Qd8 25. Rg1 O-O 26. Qh6 Ne8 27. Nd4 Kh8 28. Qh3 e5 29. Nf5 Qc8 30. Bg4 g6 31. Nh6 Bxg4 32. Nxg4 f5 33. Nh6 Nf6 34. a5 e4 35. a6 f4 36. a7 Qxh3 37. a8=Q Rxa8 38. Rxa8+ Kg7 39. Ng8 Nxg8 0-1


[Site "https://www.chess.com"]

[Event "Titled Tuesday Blitz May 23 Late 2023"]
[White "Pakleza, Zbigniew"]
[Black "Mackster23"]
[WhiteFideId "1119290"]
[WhiteElo "2410"]
[BlackElo "2448"]
[Result "1-0"]
[Round "09"]
[TimeControl "180+2"]
[Date "2023.05.23"]
[WhiteClock "0:00:03"]
[BlackClock "0:00:02"]

1. d4 d5 2. Bf4 Bf5 3. e3 Nf6 4. c4 e6 5. Nc3 Nbd7 6. Qb3 dxc4 7. Bxc4 Nb6 8. Be2 Bd6 9. Bg3 O-O 10. Nf3 Bxg3 11. hxg3 Qe7 12. Nh4 Bg6 13. Nxg6 hxg6 14. O-O-O c5 15. Kb1 Rfd8 16. Bf3 cxd4 17. exd4 Nbd5 18. Nxd5 Nxd5 19. Rh3 Rac8 20. Rdh1 f6 21. a3 b6 22. Qd3 Kf7 23. Be4 f5 24. Bf3 e5 25. Qb3 e4 26. Be2 Qc7 27. g4 f4 28. g5 Qd7 29. Rh4 Qf5 30. Bg4 Qxg5 31. Bxc8 Rxc8 32. g3 e3 33. Rxf4+ Kg8 34. fxe3 Rd8 35. Ka2 Qxg3 36. Rfh4 Kf7 37. Rf1+ Ke7 38. Re4+ Kd6 39. Rf7 Nc7 40. Ree7 Qg2 41. Qb4+ Kc6 42. Rxc7+ Kd5 43. Rfd7+ Ke4 44. Qe7+ Kd3 45. Rxd8 Qd2 46. Rc3+ Ke2 47. Qb4 Qxb2+ 48. Qxb2+ 1-0


[Site "https://www.chess.com"]

[Event "Titled Tuesday Blitz May 23 Late 2023"]
[White "Rodriguez, Santiago"]
[Black "Szpar, Milosz"]
[WhiteFideId "3000591"]
[BlackFideId "1184989"]
[WhiteElo "2249"]
[BlackElo "2434"]
[Result "1/2-1/2"]
[Round "09"]
[TimeControl "180+2"]
[Date "2023.05.23"]
[WhiteClock "0:00:20"]
[BlackClock "0:00:55"]

1. d4 e5 2. dxe5 Qe7 3. Nf3 Nc6 4. Nc3 Nxe5 5. Nd5 Nxf3+ 6. gxf3 Qd8 7. Bf4 d6 8. e4 c6 9. Nc3 Be6 10. Qd2 Qb6 11. O-O-O O-O-O 12. Be3 Qa5 13. Qd4 Kb8 14. Rg1 Nf6 15. Rg5 b5 16. Bxb5 h6 17. Rc5 dxc5 18. Qxd8+ Qxd8 19. Rxd8+ Kc7 20. Ra8 cxb5 21. Bxc5 Bxc5 22. Rxh8 Bxf2 23. Nxb5+ Kc6 24. a4 a6 25. Nc3 Bg1 26. f4 Bxh2 27. f5 Bd7 28. Rf8 Be5 29. Rxf7 Bxc3 30. bxc3 Nxe4 31. Rxg7 Bxf5 32. Ra7 Kb6 33. Rf7 Bg6 34. Rg7 Bf5 35. Rf7 Bc8 36. Rh7 Nxc3 37. Rxh6+ Kb7 38. a5 Nb5 39. Kb2 Nd4 40. c4 Nc6 41. Rxc6 Kxc6 42. c5 Be6 43. Ka1 Bd7 44. Kb2 Kb5 45. c6 Bxc6 46. Ka1 Ka4 47. Kb1 Kb3 48. Ka1 Bd5 49. Kb1 Ka3 50. Ka1 Bc6 51. Kb1 Kb3 52. Ka1 Kc2 53. Ka2 Kd2 54. Ka1 Ke2 55. Kb1 Bb5 56. Ka1 Kf2 57. Kb1 Ke3 58. Ka1 Kd4 59. Kb1 Kc3 60. Ka1 Kb4 61. Kb1 Kxa5 62. Ka1 Kb4 63. Kb1 Kc3 64. Ka1 a5 65. Kb1 a4 66. Ka1 a3 67. Kb1 a2+ 68. Ka1 Kb3 1/2-1/2


[Site "https://www.chess.com"]

[Event "Titled Tuesday Blitz May 23 Late 2023"]
[White "Weetik, Vjacheslav"]
[Black "Wizard_of_Odds"]
[WhiteFideId "4153472"]
[WhiteElo "2469"]
[BlackElo "2445"]
[Result "1-0"]
[Round "09"]
[TimeControl "180+2"]
[Date "2023.05.23"]
[WhiteClock "0:00:13"]
[BlackClock "0:00:00"]

1. e4 c5 2. Nf3 d6 3. d4 cxd4 4. Nxd4 Nf6 5. Nc3 g6 6. Be2 Bg7 7. O-O Nc6 8. Nb3 O-O 9. Re1 a6 10. Bg5 h6 11. Bh4 g5 12. Bg3 b5 13. Bf1 Ng4 14. Rb1 Qb6 15. Nd5 Qd8 16. f3 Nge5 17. Bf2 Rb8 18. c3 e6 19. Ne3 Qc7 20. Qc2 Bb7 21. Rbd1 Rbd8 22. Kh1 Ng6 23. Bg3 Nce5 24. Nd4 Nf4 25. a4 bxa4 26. Qxa4 Neg6 27. Ra1 Ra8 28. Qa5 Qd7 29. Red1 Rfd8 30. Nc4 Qe7 31. Qb6 h5 32. Nc6 Bxc6 33. Qxc6 d5 34. Nb6 dxe4 35. Nxa8 Rxd1 36. Rxd1 exf3 37. Qxf3 h4 38. Bf2 h3 39. g3 Nd5 40. Nb6 Ne5 41. Nxd5 exd5 42. Qxd5 Ng4 43. Qd8+ 1-0


[Site "https://www.chess.com"]

[Event "Titled Tuesday Blitz May 23 Late 2023"]
[White "Denishev, Marat"]
[Black "D`Arruda, Ricardo D."]
[WhiteFideId "24131563"]
[BlackFideId "100692"]
[WhiteElo "2311"]
[BlackElo "2441"]
[Result "1-0"]
[Round "09"]
[TimeControl "180+2"]
[Date "2023.05.23"]
[WhiteClock "0:00:43"]
[BlackClock "0:01:16"]

1. d4 Nf6 2. Nc3 d5 3. Bf4 g6 4. e3 Bg7 5. Nf3 O-O 6. h4 Bf5 7. Bd3 Ne4 8. h5 Nc6 9. hxg6 hxg6 10. Qe2 Nb4 11. a3 Nxc3 12. bxc3 Nxd3+ 13. cxd3 c5 14. Ne5 Qa5 15. O-O Bxe5 16. Bxe5 Qxc3 17. Rfd1 cxd4 18. Bxd4 Qa5 19. g4 Be6 20. Kg2 f6 21. Rh1 Kg7 22. g5 Rh8 23. Qf3 Bf5 24. gxf6+ exf6 25. e4 dxe4 26. dxe4 Qd8 27. exf5 Rxh1 28. Qxb7+ Kg8 29. Rxh1 1-0


[Site "https://www.chess.com"]

[Event "Titled Tuesday Blitz May 23 Late 2023"]
[White "Golubev, Mikhail"]
[Black "Spitzl, Vinzent"]
[WhiteFideId "14100983"]
[BlackFideId "12901253"]
[WhiteElo "2374"]
[BlackElo "2225"]
[Result "1-0"]
[Round "09"]
[TimeControl "180+2"]
[Date "2023.05.23"]
[WhiteClock "0:01:31"]
[BlackClock "0:00:00"]

1. e4 c5 2. Nf3 d6 3. d4 cxd4 4. Nxd4 Nf6 5. Nc3 a6 6. Bc4 e6 7. Bb3 Nc6 8. Be3 Be7 9. Qe2 Na5 10. O-O-O Nxb3+ 11. axb3 Qc7 12. g4 e5 13. Nf5 Bxf5 14. exf5 d5 15. g5 d4 16. gxf6 gxf6 17. Bxd4 exd4 18. Nd5 Qe5 19. Rhe1 Bd8 20. Qf3 O-O 21. Rxe5 fxe5 22. Rg1+ Kh8 23. Qg3 1-0


[Site "https://www.chess.com"]

[Event "Titled Tuesday Blitz May 23 Late 2023"]
[White "Guz, Ari"]
[Black "Dudzinski, Pawel"]
[WhiteFideId "2825759"]
[BlackFideId "1117890"]
[WhiteElo "2205"]
[BlackElo "2099"]
[Result "0-1"]
[Round "09"]
[TimeControl "180+2"]
[Date "2023.05.23"]
[WhiteClock "0:00:53"]
[BlackClock "0:00:06"]

1. a4 e5 2. e4 Nf6 3. Nc3 d5 4. exd5 Nxd5 5. Bc4 Nxc3 6. Qf3 Qf6 7. Qxc3 Nc6 8. Bb5 Bd7 9. Nf3 Bd6 10. O-O g5 11. d3 g4 12. Ng5 O-O-O 13. Ne4 Qg6 14. Bg5 Rde8 15. Qd2 f5 16. Nf6 Be7 17. Nxe8 Bxg5 18. Nd6+ cxd6 19. Qc3 f4 20. b4 f3 21. Bxc6 bxc6 22. g3 Qh5 23. Kh1 Qf7 24. b5 c5 25. b6 axb6 26. Rfb1 Bd8 27. a5 b5 28. a6 Kb8 29. Rxb5+ Bxb5 30. Qb2 Qd7 31. c4 Ka7 32. cxb5 Bb6 33. Re1 h5 34. d4 cxd4 35. Qc2 h4 36. Rc1 hxg3 37. fxg3 e4 38. Qxe4 d3 39. Rd1 Re8 40. Qxd3 Qe6 41. h3 Qe2 42. Qd2 Qxd2 43. Rxd2 Re1+ 44. Kh2 f2 45. hxg4 f1=Q 46. g5 Qh1# 0-1


[Site "https://www.chess.com"]

[Event "Titled Tuesday Blitz May 23 Late 2023"]
[White "Perez Rodriguez, Jennifer"]
[Black "Veiga, Jose Francisco R P Neves"]
[WhiteFideId "3507831"]
[BlackFideId "1930087"]
[WhiteElo "2116"]
[BlackElo "2320"]
[Result "0-1"]
[Round "09"]
[TimeControl "180+2"]
[Date "2023.05.23"]
[WhiteClock "0:00:00"]
[BlackClock "0:01:02"]

1. e4 Nc6 2. Nc3 Nf6 3. d4 d6 4. Nf3 g6 5. h3 Bg7 6. Bg5 a6 7. Qd2 b5 8. a3 Bb7 9. Bh6 O-O 10. Be2 e5 11. d5 Nb8 12. h4 Nh5 13. g4 Nf4 14. Bxf4 exf4 15. Qxf4 Nd7 16. Bd3 Qe7 17. Kf1 c6 18. dxc6 Bxc6 19. Rd1 Rad8 20. Be2 Nc5 21. Nd5 Bxd5 22. Rxd5 Bxb2 23. Nd4 Qxe4 24. Qxe4 Nxe4 25. Nc6 Rd7 26. Bf3 Nc3 27. Rd3 Rc8 28. Kg2 d5 29. Nb4 a5 30. Nxd5 Nxd5 31. Bxd5 Rxc2 32. Re1 Kg7 33. g5 a4 34. Re4 Bxa3 35. Rf4 Bc5 36. Rdf3 Rxd5 37. Rxf7+ Kg8 38. Rc7 Rf5 0-1


[Site "https://www.chess.com"]

[Event "Titled Tuesday Blitz May 23 Late 2023"]
[White "Arnold, Ken"]
[Black "Ambartsumova, Karina"]
[WhiteFideId "2056836"]
[BlackFideId "4166299"]
[WhiteElo "2424"]
[BlackElo "2240"]
[Result "0-1"]
[Round "09"]
[TimeControl "180+2"]
[Date "2023.05.23"]
[WhiteClock "0:00:07"]
[BlackClock "0:00:27"]

1. d4 Nf6 2. Nf3 g6 3. g3 Bg7 4. Bg2 O-O 5. O-O d6 6. c4 c6 7. b3 Ne4 8. Bb2 d5 9. Nc3 Bf5 10. Nxe4 Bxe4 11. Ne5 Bxg2 12. Kxg2 a5 13. Qc2 a4 14. Rfd1 Nd7 15. cxd5 cxd5 16. Rac1 Nxe5 17. dxe5 axb3 18. Qxb3 e6 19. Ba3 Re8 20. Bd6 Qa5 21. Qxb7 Qxa2 22. Qb5 Rec8 23. Rxc8+ Rxc8 24. Rc1 Qa8 25. Rxc8+ Qxc8 26. e3 h5 27. h3 Qc2 28. Qe8+ Kh7 29. Qxf7 Qe4+ 30. Qf3 Kg8 31. Qxe4 dxe4 32. f3 exf3+ 33. Kxf3 Kf7 34. Ke4 Bh6 35. Kd4 Bg5 36. e4 Bd2 37. Kc4 Be1 38. Kd3 Bxg3 39. Ke2 Bf4 40. Kf3 Bh2 41. Bc7 Bg1 42. Bd6 Bd4 43. Kf4 Bb2 44. Bc7 Bc1+ 45. Kf3 g5 46. Bd8 Kg6 47. Be7 Bb2 48. Bf6 Bc1 49. Kg3 Kf7 50. Kf3 Ke8 51. Ke2 Kd7 52. Kd1 Bf4 53. Ke2 Kc6 54. Kd3 g4 55. hxg4 hxg4 56. Kd4 g3 57. Kd3 g2 0-1


[Site "https://www.chess.com"]